 Dungeon Crawl Stone Soup version 0.17.0-19-gb37c632 (webtiles) character file.

82 Rationalist the Skirmisher (level 4, 0/35 HPs)
             Began as a Demonspawn Berserker on Nov 12, 2015.
             Was a Follower of Trog.
             Succumbed to Jessica's poison
             ... on level 3 of the Dungeon.
             The game lasted 00:02:51 (1773 turns).

Rationalist the Skirmisher (Demonspawn Berserker)   Turns: 1773, Time: 00:02:52

Health: 0/35       AC:  7    Str: 17    XL:     4   Next: 21%
Magic:  4/4        EV: 12    Int:  8    God:    Trog [*.....]
Gold:   116        SH:  0    Dex: 14    Spells: 0 memorised, 3 levels left

rFire  . . .     SeeInvis .     a - +0 hand axe
rCold  + . .     Clarity  .     k - +2 leather armour {rC+}
rNeg   . . .     SustAt   .     (no shield)
rPois  .         Gourm    +     (no helmet)
rElec  .         Spirit   .     (no cloak)
rCorr  .         Warding  .     (no gloves)
rMut   .         Stasis   .     (no boots)
MR     .....                    j - amulet of the gourmand
Stlth  +.........               (no ring)
                                (no ring)

@: lethally poisoned (0 -> -24), exhausted, slowed, very slow, not resistant to
hostile enchantments, very unstealthy
A: talons 1, slimy green scales 1, powered by pain 1
a: Berserk, Burn Spellbooks, Renounce Religion


You were on level 3 of the Dungeon.
You worshipped Trog.
Trog was aware of your devotion.
You were very hungry.

You visited 1 branch of the dungeon, and saw 3 of its levels.

You collected 116 gold pieces.

Inventory:

Hand Weapons
 a - a +0 hand axe (weapon)
Missiles
 e - 31 poisoned needles
 n - 8 steel bolts
 r - 19 sling bullets of flame
Armour
 k - a +2 leather armour of cold resistance (worn)
Jewellery
 j - an amulet of the gourmand (around neck)
Scrolls
 b - a scroll of magic mapping {unknown}
 f - a scroll of enchant weapon {unknown}
 g - 3 scrolls of noise {unknown}
 h - a scroll of enchant armour {unknown}
 l - a scroll of teleportation {unknown}
 m - a scroll of amnesia {unknown}
 p - a scroll of remove curse {unknown}
 q - a scroll of identify {unknown}
Potions
 o - a potion of brilliance {unknown}
 s - a potion of ambrosia {unknown}
 t - a potion of berserk rage {unknown}
Comestibles
 c - a bread ration
 d - a meat ration
 i - 3 fruits


   Skills:
 + Level 3.5 Fighting
 + Level 3.3 Axes
 + Level 2.0 Armour
 + Level 2.8 Dodging
 + Level 0.4 Stealth


You had 3 spell levels left.
You didn't know any spells.

Dungeon Overview and Level Annotations

Branches:
Dungeon (3/15)

Altars:
Elyvilon
Xom
Zin


Innate Abilities, Weirdness & Mutations

You have sharp toenails.
You are partially covered in slimy green scales (AC +2).
You sometimes gain a little power by taking damage.


Message History

You feel sick.
There is a lethal amount of poison in your body!
You are too berserk!
There is a lethal amount of poison in your body!
* * * LOW HITPOINT WARNING * * *
You feel sick.
You feel a strong urge to attack something.
* * * LOW HITPOINT WARNING * * *
You feel sick.
* * * LOW HITPOINT WARNING * * *
You feel sick.
You feel your anger subside.
* * * LOW HITPOINT WARNING * * *
You feel sick.
You are too berserk!
You are no longer berserk.
You are exhausted.
You feel yourself slow down.
You are feeling very hungry.
You die...

#.##... #.##..#
#.##..####### #
#######.##.........
##.###............#
#........####.##..##
....###..####.##..#
..............##).# #
##.####..#######@†###.#
#.# #..#### #......##
#.####.....# #........
#.##.......# #.#.#####
##.##.#.....# #.#.#
..^......#.## #.#.#
......#.##.# #.#$#
###...#.# .# #.# #
#...#.# .# #..


There were no monsters in sight!

Vanquished Creatures
  Jessica (D:3)
  2 adders (D:3)
  An ooze (D:1)
  2 giant geckos
  2 giant cockroaches (D:3)
  A goblin (D:2)
  4 hobgoblins
  9 jackals
  A quokka (D:3)
  5 bats
  2 giant newts
  3 kobolds
  A rat (D:1)
34 creatures vanquished.

Notes
Turn   | Place    | Note
--------------------------------------------------------------
     0 | D:1      | Rationalist the Demonspawn Berserker began the quest for the Orb.
     0 | D:1      | Reached XP level 1. HP: 18/18 MP: 1/1
   292 | D:1      | Gained mutation: You have sharp toenails. [demonic ancestry]
   292 | D:1      | Reached XP level 2. HP: 17/24 MP: 2/2
   496 | D:1      | Found a shimmering altar of Xom.
   980 | D:2      | Found a white marble altar of Elyvilon.
  1594 | D:3      | Gained mutation: You sometimes gain a little power by taking damage. [demonic ancestry]
  1594 | D:3      | Reached XP level 3. HP: 2/29 MP: 3/3
  1597 | D:3      | HP: 1/43 [poisoned by an adder]
  1599 | D:3      | Found a glowing silver altar of Zin.
  1755 | D:3      | Noticed Jessica
  1768 | D:3      | Killed Jessica
  1768 | D:3      | Gained mutation: You are partially covered in slimy green scales (AC +2). [demonic ancestry]
  1768 | D:3      | Reached XP level 4. HP: 8/35 MP: 4/4
  1771 | D:3      | HP: 2/52 [poisoned by Jessica]
  1773 | D:3      | Succumbed to Jessica's poison

Action                   |  1- 3 |  4- 6 || total
-------------------------+-------+-------++-------
Melee: Hand axe          |   110 |       ||   110
Invok: Berserk           |     2 |       ||     2
  Use: Potion            |     1 |       ||     1
  Eat: Fruit             |     2 |       ||     2
       Chunk             |     2 |       ||     2
